 Dungeon Crawl Stone Soup version 0.29.0-5-ge4962eb29e (webtiles) character file.

Game seed: 9129106180330562764

1649 sanka the Martial Artist (level 9, -4/68 (71) HPs)
             Began as a Meteoran Delver on Aug 28, 2022.
             Was an Initiate of Gozag.
             Slain by a wight
             ... wielding a +3 great sword of freezing
              (13 damage)
             ... on level 6 of the Dungeon.
             The game lasted 00:18:10 (2925 turns).

sanka the Martial Artist (Meteoran Delver)          Turns: 2925, Time: 00:18:10

HP:   -4/68 (71)    AC:  6    Str: 15    XL:     9   Next: 42%
MP:   13/13         EV: 15    Int: 15    God:    Gozag
Gold: 279           SH:  0    Dex: 16    Spells: 9/12 levels left

rFire   . . .      SeeInvis .     - Unarmed
rCold   . . .      Faith    .   (no shield)
rNeg    . . .      Spirit   .   a - +0 leather armour
rPois   .          Reflect  .   (no helmet)
rElec   .          Harm     .   o - +2 cloak
rCorr   .          Rampage  .   (no gloves)
Will    +....                   (no boots)
Stlth   +.........              (no amulet)
HPRegen 0.21/turn               (no ring)
MPRegen 0.13/turn               s - ring of wizardry

@: glowing, lightly drained
A: sense surroundings 2, otherworldly, glowing, explore regen
a: Renounce Religion, Potion Petition, Call Merchant, Bribe Branch


You were on level 6 of the Dungeon.
You worshipped Gozag.
Gozag was aware of your devotion.
You visited 1 branch of the dungeon, and saw 6 of its levels.

You collected 356 gold pieces.
You paid 77 gold pieces to Gozag.


Innate Abilities, Weirdness & Mutations

You passively map the area around you.
You are easily found by Zot.
You glow in the dark.
You regain HP and MP as you explore.


   Skills:
 - Level 4.0 Fighting
 - Level 8.0 Dodging
 - Level 3.7 Stealth
 - Level 10.0 Unarmed Combat
 + Level 2.1 Spellcasting
 + Level 2.1 Transmutations
 + Level 2.1 Poison Magic


You had 9 spell levels left.
You knew the following spells:

 Your Spells              Type           Power      Damage    Failure   Level
z - Spider Form           Tmut/Pois      7%         N/A       14%         3

Your spell library contained the following spells:

 Spells                   Type           Power      Damage    Failure   Level
 Ensorcelled Hibernation  Hex/Ice        2%         N/A       16%         2
 Anguish                  Hex/Necr       0%         N/A       69%         4

Inventory:

Armour
 a - a +0 leather armour (worn)
 o - a +2 cloak (worn)
Jewellery
 s - a ring of wizardry (right hand)
Wands
 f - a wand of digging (3)
 h - a wand of iceblast (5)
Scrolls
 b - a scroll of fog
 c - 3 scrolls of magic mapping
 d - a scroll of fear
 j - 2 scrolls of poison {!r}
 k - 2 scrolls of blinking
 m - a scroll of teleportation {@r4}
 p - a scroll of vulnerability {!r}
 t - a scroll of torment {!r}
 w - a scroll of enchant weapon
Potions
 e - 2 potions of haste {@q3}
 g - 3 potions of curing {@q1}
 i - a potion of degeneration {unknown}
 l - a potion of mutation {unknown}
 n - a potion of resistance {unknown}
 q - 2 potions of heal wounds {unknown}
 u - 2 potions of brilliance {unknown}
 v - a potion of invisibility {unknown}
 x - a potion of might {unknown}
 z - a potion of magic {unknown}

Dungeon Overview and Level Annotations

Branches:
Dungeon (6/15) Zot: 737
 Temple: D:4-7

Altars:
Ashenzari
Fedhas
Gozag
Hepliaklqana
Makhleb
Uskayaw
Vehumet
Wu Jian
Zin
The Shining One

Annotations:
D:4 Robin

░ ░ ░ ░ ░ ▒▒▒▒▒▒▒▒▒▒▒▒▒ ,
..▒▒(.......▒ , ░ ░ ▒.▒▒.▒▒▒▒▒▒.▒
, ▒[▒▒.▒ ▒.▒ ░ ░ ▒.▒▒.▒ ▒.▒
▒p▒▒.▒ ▒.▒ ▒z▒▒.▒ ▒.▒ ░░░░░ ░
▒.▒▒.▒ ▒.▒ , ▒▒▒▒.▒▒.▒▒▒ ▒.▒ ░ ░
░ ░,. ▒.........▒ ▒.▒ ▒▒▒▒▒.... ,
▒.▒.▒.▒▒▒.▒▒▒▒.▒
...z..............▒ ▒......▒
▒▒▒▒▒.......▒.▒.▒.▒▒▒.▒▒▒▒.▒▒▒▒▒▒
......▒)..▒▒..........▒ ▒.....>)


You could see a wight.


Message History

The wight resists with some effort.
Aiming: Paralyse
Aim: a wight, wielding a +3 great sword of freezing and wearing a +0 robe (chance to affect: 49%)
The wight resists with some effort.
The now-empty wand crumbles to dust.
The wight completely misses you.
You don't have any such object.
Evoke which item? (* to show all) (? for menu, Esc to quit)
Huh?
Evoke which item? (* to show all) (? for menu, Esc to quit)
Huh?
Evoke which item? (* to show all) (? for menu, Esc to quit)
Huh?
Evoke which item? (* to show all) (? for menu, Esc to quit)
Okay, then.
You barely miss the wight. Your punch misses the wight. The wight misses you.
You hit the wight.
The wight is moderately damaged.
The wight hits you with a +3 great sword of freezing!
* * * LOW HITPOINT WARNING * * *
The wight freezes you!
* * * LOW HITPOINT WARNING * * *
You hit the wight but do no damage. You punch the wight, but do no damage.
The wight is moderately damaged.
The wight hits you with a +3 great sword of freezing!
You die...
Your body crumbles into a pile of gold.

Action                   |  1- 3 |  4- 6 |  7- 9 || total
-------------------------+-------+-------+-------++-------
Melee: Unarmed           |    23 |   194 |   108 ||   325
       Punch             |       |     7 |     6 ||    13
Evoke: Wand              |     3 |     9 |     8 ||    20
  Use: Scroll            |     1 |     6 |     4 ||    11
       Potion            |       |       |     3 ||     3
 Stab: Sleeping          |       |     2 |       ||     2
       Paralysed         |       |       |     6 ||     6
Armor: Leather armour    |    11 |    61 |    16 ||    88
Dodge: Dodged            |    22 |    96 |    36 ||   154

Levels and vault maps discovered:
D:1:      sevenhm_arrival_forest_fort_small_6, layout_basic,
          hellmonk_ecumenical_altar_inner_sanctum, minmay_tree_intersection,
          minmay_pentomino_x4
D:2:      layout_basic, minmay_quadrilaterals
D:3:      layout_loops_cross, nicolae_concentric_dashed_squares_wild,
          minmay_vboxes
D:4:      layout_layer_cave, uniq_pikel, uniq_robin
D:5:      layout_cave_pods, grunt_gozag_breadcrumbs
D:6:      layout_loops_ring, minitemple, lemuel_doored_altar, uniq_edmund

Notes
Turn   | Place    | Note
-------+----------+-------------------------------------------
     0 | D:5      | sanka the Meteoran Delver began the quest for the Orb.
     0 | D:5      | Reached XP level 1. HP: 19/19 MP: 2/2
    31 | D:5      | Noticed a scorpion
    36 | D:4      | Noticed a lemure
    66 | D:4      | Reached skill level 3 in Unarmed Combat
    66 | D:4      | Reached XP level 2. HP: 24/26 MP: 3/3
   122 | D:4      | Noticed a hound
   140 | D:4      | Killed a lemure
   140 | D:4      | Killed a hound
   141 | D:4      | Reached skill level 4 in Unarmed Combat
   141 | D:4      | Reached XP level 3. HP: 17/31 MP: 4/4
   175 | D:4      | Noticed Robin
   196 | D:4      | Noticed an ogre
   214 | D:3      | Reached XP level 4. HP: 18/38 MP: 5/5
   377 | D:3      | Reached skill level 5 in Unarmed Combat
   560 | D:1      | Reached XP level 5. HP: 45/45 MP: 6/6
   859 | D:1      | Found a faded altar of an unknown god.
  1093 | D:2      | Reached skill level 6 in Unarmed Combat
  1444 | D:3      | Reached XP level 6. HP: 33/51 MP: 7/7
  1459 | D:3      | Reached skill level 7 in Unarmed Combat
  1865 | D:4      | Noticed Pikel
  1883 | D:4      | Killed Pikel
  1884 | D:4      | Reached skill level 9 in Unarmed Combat
  1884 | D:4      | Reached XP level 7. HP: 43/57 MP: 8/8
  1884 | D:4      | Reached XP level 8. HP: 47/63 MP: 9/9
  1984 | D:4      | Reached skill level 10 in Unarmed Combat
  1984 | D:4      | Reached skill level 3 in Dodging
  2049 | D:5      | Reached skill level 4 in Fighting
  2202 | D:5      | Reached skill level 4 in Dodging
  2257 | D:5      | Reached skill level 5 in Dodging
  2288 | D:5      | Found an opulent altar of Gozag.
  2303 | D:5      | Became a worshipper of Gozag Ym Sagoz the Greedy
  2441 | D:6      | Reached skill level 6 in Dodging
  2484 | D:6      | Gained mutation: You passively map the area around you.
                  | [Meteoran growth]
  2484 | D:6      | Reached XP level 9. HP: 54/71 MP: 10/10
  2486 | D:6      | Found a hazy altar of Hepliaklqana.
  2600 | D:6      | Found a glowing silver altar of Zin.
  2619 | D:6      | Found a burning altar of Makhleb.
  2620 | D:6      | Found a radiant altar of Vehumet.
  2620 | D:6      | Found a hide-covered altar of Uskayaw.
  2620 | D:6      | Found a broken altar of Ashenzari.
  2622 | D:6      | Found a blossoming altar of Fedhas.
  2623 | D:6      | Found an ornate altar of the Wu Jian Council.
  2624 | D:6      | Found a glowing golden altar of the Shining One.
  2705 | D:6      | Reached skill level 7 in Dodging
  2772 | D:6      | HP: 6/65 [wight/+5 battleaxe (22)]
  2772 | D:6      | HP: 2/61 [wight/+5 battleaxe (4)]
  2790 | D:6      | Noticed Edmund
  2799 | D:6      | Killed Edmund
  2800 | D:6      | Reached skill level 8 in Dodging
  2835 | D:6      | Learned a level 3 spell: Spider Form
  2848 | D:6      | Reached skill level 1 in Spellcasting
  2848 | D:6      | Reached skill level 1 in Transmutations
  2848 | D:6      | Reached skill level 1 in Poison Magic
  2881 | D:6      | Reached skill level 2 in Spellcasting
  2881 | D:6      | Reached skill level 2 in Transmutations
  2881 | D:6      | Reached skill level 2 in Poison Magic
  2925 | D:6      | Slain by a wight

Vanquished Creatures
  Pikel (D:4)
  Edmund (D:6)
  A black bear (D:5)
  An ogre (D:4)
  3 phantoms
  3 lemures (D:4)
  A bullfrog (D:6)
  2 scorpions (D:5)
  3 wights (D:6)
  2 hounds
  4 orc priests
  2 orc wizards (D:6)
  5 adders
  2 worms (D:3)
  3 dart slugs
  7 orcs
  8 bats
  4 endoplasms
  3 giant cockroaches
  6 goblins
  6 hobgoblins
  4 jackals
  13 kobolds
  3 quokkas
  8 ball pythons
  2 frilled lizards (D:1)
  3 rats
101 creatures vanquished.
